 Dungeon Crawl Stone Soup version 0.31-a0-705-ga145531891 (webtiles) character file.

Game seed: 4987076017965625361

618 Darius099 the Cleaver (level 7, -1/57 HPs)
             Began as a Minotaur Fighter on Sept 9, 2023.
             Was an Initiate of Okawaru.
             Splashed by a jelly's acid (9 damage)
             ... on level 5 of the Dungeon.
             The game lasted 00:15:35 (3918 turns).

Darius099 the Cleaver (Minotaur Fighter)            Turns: 3918, Time: 00:15:37

Health: -1/57      AC: -2    Str: 22    XL:     7   Next: 21%
Magic:  6/6        EV:  7    Int:  5    God:    Okawaru [......]
Gold:   207        SH:  8    Dex: 10    Spells: 6/6 levels left

rFire   + . .        a - +0 war axe
rCold   + . .        q - +0 kite shield
rNeg    . . .        m - +0 chain mail
rPois   .            (helmet restricted)
rElec   .            (no cloak)
rCorr   .            (no gloves)
SInv    .            (no boots)
Will    .....        n - amulet of the acrobat Stlth
                     e - ring of protection from fire
HPRegen 0.29/turn    l - ring of protection from cold
MPRegen 0.10/turn

%: acrobat
@: corroded
A: horns 2, retaliatory headbutt
a: Renounce Religion


You were on level 5 of the Dungeon.
You worshipped Okawaru.
Okawaru was noncommittal.
You visited 1 branch of the dungeon, and saw 5 of its levels.

You collected 207 gold pieces.

Inventory:

Hand Weapons
 a - a +0 war axe (weapon)
Missiles
 s - 2 throwing nets
Armour
 m - a +0 chain mail (worn)
 q - a +0 kite shield (worn)
Jewellery
 e - a ring of protection from fire (left hand)
 l - a ring of protection from cold (right hand)
 n - an amulet of the acrobat (around neck)
Talismans
 h - a flux talisman
Wands
 v - a wand of iceblast (12)
Scrolls
 b - 2 scrolls of vulnerability {unknown}
 f - a scroll of immolation {unknown}
 g - a scroll of fog {unknown}
 j - 11 scrolls of identify {unknown}
 o - 4 scrolls of teleportation {unknown}
 u - a scroll of blinking {unknown}
 w - a scroll of butterflies {unknown}
Potions
 c - 2 potions of heal wounds {unknown}
 d - 2 potions of might
 i - 2 potions of ambrosia {unknown}
 k - a potion of lignification {unknown}
 p - a potion of cancellation {unknown}
 r - a potion of curing {unknown}
 t - a potion of resistance {unknown}


   Skills:
 - Level 3.6 Fighting
 + Level 9.7 Axes
 - Level 3.6 Armour
 - Level 3.6 Shields


You had 6 spell levels left.
You didn't know any spells.
Your spell library contained the following spells:

 Spells                   Type           Power      Damage    Failure   Level
 Ozocubu's Armour         Ice            0%         N/A       100%        3
 Metabolic Englaciation   Hex/Ice        0%         N/A       100%        5
 Simulacrum               Ice/Necr       Unusable   N/A       N/A         6

Dungeon Overview and Level Annotations

Branches:
Dungeon (5/15)
 Temple: D:4-7

Altars:
Gozag
Nemelex Xobeh
Okawaru
Qazlal
Trog

Annotations:
D:5 2 transporters, bungle's ghost, novice TrSh


Innate Abilities, Weirdness & Mutations

You have a pair of horns on your head.
You reflexively headbutt those who attack you in melee.


Message History

No target in view!
Things that are here:
a +0 club; a +0 ring mail; an orc corpse Bungle's ghost turns its malevolent gaze towards you.
Bungle's ghost whispers, "They're coming for you..."
Bungle's ghost lets out a mournful wail.
A jelly comes into view.
Found 14 gold pieces.
A jelly is nearby!
An adder comes into view.
The adder hisses angrily.
The jelly hits you but does no damage.
You hit the jelly.
Your hands burn!
The jelly is lightly wounded.
The jelly hits you. The acid corrodes you!
You are splashed with acid.
You hit the jelly. The acid corrodes you!
Your hands burn!
The jelly is lightly wounded.
The jelly barely misses you.
You slash the jelly!
Your hands burn!
You headbutt the jelly, but do no damage.
The jelly is heavily wounded.
The jelly hits you.
You are splashed with acid!
You block the jelly's attack.
You hit the jelly.
Your hands burn!
The jelly is heavily wounded.
You block the jelly's attack.
You hit the jelly but do no damage.
Your hands burn!
The jelly is heavily wounded.
The jelly hits you.
You are splashed with acid!
* * * LOW HITPOINT WARNING * * *
You hit the jelly.
Your hands burn!
* * * LOW HITPOINT WARNING * * *
The jelly is severely wounded.
You block the jelly's attack.
You slash the jelly!
Your hands burn!
* * * LOW HITPOINT WARNING * * *
The jelly is almost dead.
The jelly hits you.
* * * LOW HITPOINT WARNING * * *
The acid corrodes you!
You are splashed with acid!
You die...

######.#####.#
##.###..#.... #.# #.#
##.......##### #.# #.#
#...##........ #.# #.#
#...##........ ...
#.###...##.##.###. ....
#.......##.##.#### .....
#####......##.....
..$...####....##########
.....SJ@....#...........
......####....#########)
..... ##..## #. ....
##.# #. ... ## #. #. #.
# #. #. #.


You could see a jelly and an adder.

Vanquished Creatures
  An ogre (D:4)
  A scorpion (D:5)
  A hound (D:5)
  3 orc priests
  An iguana (D:5)
  Terence (D:2)
  An orc wizard (D:4)
  Ijyb (D:5)
  Robin (D:2)
  5 gnolls
  8 adders
  2 worms (D:2)
  2 dart slugs
  5 orcs
  8 ball pythons
  6 endoplasms
  2 giant cockroaches (D:1)
  17 goblins
  9 hobgoblins
  10 jackals
  5 kobolds
  5 quokkas
  4 bats
  2 frilled lizards
  10 rats
111 creatures vanquished.

Notes
Turn   | Place    | Note
-------+----------+-------------------------------------------
     0 | D:1      | Darius099 the Minotaur Fighter began the quest for the Orb.
     0 | D:1      | Reached XP level 1. HP: 19/19 MP: 0/0
   286 | D:1      | Found a faded altar of an unknown god.
   344 | D:1      | Reached skill level 3 in Axes
   418 | D:1      | Reached XP level 2. HP: 23/26 MP: 1/1
   690 | D:1      | Reached skill level 4 in Axes
   969 | D:2      | Reached XP level 3. HP: 31/31 MP: 2/2
  1172 | D:2      | Reached skill level 5 in Axes
  1225 | D:2      | Noticed Robin
  1234 | D:2      | Reached XP level 4. HP: 18/39 MP: 3/3
  1244 | D:2      | Noticed Terence
  1245 | D:2      | Killed Robin
  1249 | D:2      | Killed Terence
  1250 | D:2      | Reached skill level 6 in Axes
  1601 | D:2      | Reached XP level 5. HP: 44/45 MP: 4/4
  1686 | D:2      | Reached skill level 7 in Axes
  2531 | D:3      | Found a sparkling altar of Nemelex Xobeh.
  2540 | D:3      | Reached XP level 6. HP: 50/50 MP: 5/5
  2545 | D:3      | Found a stormy altar of Qazlal.
  2545 | D:3      | Found an iron altar of Okawaru.
  2545 | D:3      | Found a bloodstained altar of Trog.
  2553 | D:3      | Became a worshipper of Warmaster Okawaru
  2678 | D:4      | Found an opulent altar of Gozag.
  2691 | D:4      | Reached skill level 8 in Axes
  3557 | D:5      | Entered Level 5 of the Dungeon
  3645 | D:5      | Noticed Ijyb
  3664 | D:5      | Killed Ijyb
  3665 | D:5      | Reached skill level 9 in Axes
  3732 | D:5      | Found a transporter.
  3734 | D:5      | Found a transporter.
  3734 | D:5      | Noticed bungle's ghost (novice TrSh)
  3776 | D:5      | Reached XP level 7. HP: 48/57 MP: 6/6
  3918 | D:5      | Splashed by a jelly's acid

Illustrated notes

Levels and vault maps discovered:
D:1:      erik_arrival_orb_chamber, layout_basic,
          shapermc_ecumenical_altar_notcrosses, chequers_serial_rivers_micro_d,
          chequers_serial_rivers_micro_c
D:2:      layout_rooms, nicolae_elevator_lobby_asterisk, uniq_robin,
          uniq_terence
D:3:      layout_loops_ring, minitemple
D:4:      wad_woods_stonehenge, layout_basic
D:5:      layout_loops_corners, gammafunk_ghost_mausoleum,
          eino_small_chamber_without_monster, uniq_ijyb

Skill      XL: |  1  2  3  4  5  6 |
---------------+-------------------+-----
Axes           | 3 4 5 6 7 9 |  9.7
Fighting       | |  3.6
Armour         | |  3.6
Shields        | |  3.6

Action                     |  1- 3 |  4- 6 |  7- 9 || total
---------------------------+-------+-------+-------++-------
  Melee: War axe           |    69 |   159 |    17 ||   245
         Headbutt          |    13 |    21 |     2 ||    36
 Armour: Scale mail        |    41 |    18 |       ||    59
         Chain mail        |       |    83 |    10 ||    93
  Dodge: Dodged            |    42 |    73 |     2 ||   117
  Block: Buckler           |    18 |    23 |       ||    41
         Kite shield       |       |    41 |     5 ||    46

Table legend: (Time is in decaauts)
 A = Elapsed time spent in this place.
 B = Non-inter-level travel time spent in this place.
 C = Inter-level travel time spent in this place.
 D = Time resting spent in this place.
 E = Time spent auto-exploring this place.
 F = Levels seen in this place.
 G = Mean time per level.
                   A        B        C        D        E       F      G
               +--------+--------+--------+--------+--------+-----+--------+
         Total |   3978 |   3961 |     17 |    386 |   1504 |   5 |  795.6 |
       Dungeon |   3978 |   3961 |     17 |    386 |   1504 |   5 |  795.6 |
               +--------+--------+--------+--------+--------+-----+--------+

Top non-repeatable levels by time:
     D:1: 982 daAuts
     D:4: 974 daAuts
     D:2: 875 daAuts
     D:3: 779 daAuts
     D:5: 367 daAuts
